 Dungeon Crawl Stone Soup version 0.26.0-45-g9c1d065592 (webtiles) character file.

Game seed: 2655703740839176524

(classic levelgen) 31063 thiole the Fighter (level 13, -3/105 HPs)
             Began as an Octopode Venom Mage on Jan 30, 2021.
             Was an Initiate of Gozag.
             Slain by an elephant (8 damage)
             ... in a Gauntlet.
             The game lasted 01:12:17 (21473 turns).

thiole the Fighter (Octopode Venom Mage)           Turns: 21473, Time: 01:12:17

Health: -3/105     AC:  4    Str:  5    XL:     13   Next: 55%
Magic:  7/26       EV: 16    Int: 21    God:    Gozag
Gold:   382        SH:  5    Dex: 16    Spells: 8/30 levels left

rFire    + + .     SeeInvis .   A - +7 mace "Hell-Harrower" {flame, rF+ Dex+2 Stlth+}
rCold    . . .     Faith    .   C - +0 buckler
rNeg     . . .     Spirit   .   (helmet restricted)
rPois    .         Reflect  .   h - amulet of regeneration
rElec    .         Harm     .   l - ring of wizardry
rCorr    +         Rampage  .   w - ring of resist corrosion
Will     .....     NoTele   +   B - +4 ring of slaying
Stlth    +++++.....             (no ring)
HPRegen  0.67/turn              (no ring)
MPRegen  0.20/turn              (no ring)
                                (no ring)
                                (no ring)

@: no status effects
A: almost no armour, stealthy swim, amphibious, 8 rings, constrict 8, rugged
brown scales 1, thin metallic scales 1, camouflage 1, fire resistance 1, weak 1,
gelatinous body 1
a: Renounce Religion, Potion Petition, Call Merchant, Bribe Branch


You were in a Gauntlet.
You worshipped Gozag.
Gozag was aware of your devotion.
You visited 3 branches of the dungeon, and saw 13 of its levels.
You also visited: Sewer and Gauntlet.

You collected 4022 gold pieces.
You spent 3229 gold pieces at shops.
You paid 411 gold pieces to Gozag.

Inventory:

Hand Weapons
 t - a +2 dagger of flaming
 A - the +7 mace "Hell-Harrower" (weapon) {flame, rF+ Dex+2 Stlth+}
   (You found it on level 8 of the Dungeon)

   It has been specially enchanted to burn those struck by it, causing extra
   injury to most foes and up to half again as much damage against particularly
   susceptible opponents.
   It affects your dexterity (+2).
   It protects you from fire.
   It makes you more stealthy.
Missiles
 d - 53 poisoned darts
 e - 362 stones
Armour
 C - a +0 buckler (worn)
Magical Staves
 s - an uncursed staff of cold
Jewellery
 h - an amulet of regeneration (around mantle)
 l - a ring of wizardry (left tentacle)
 w - a ring of resist corrosion (right tentacle)
 B - a +4 ring of slaying (on tentacle)
Wands
 z - a wand of random effects (45)
 F - a wand of flame (10)
Scrolls
 b - a scroll of teleportation
 f - 7 scrolls of amnesia
 g - 9 scrolls of remove curse
 i - 2 scrolls of enchant armour {unknown}
 j - 3 scrolls of blinking {unknown}
 k - 2 scrolls of fear
 m - 4 scrolls of enchant weapon {unknown}
Potions
 q - 2 potions of mutation
 v - a potion of resistance
 E - 3 potions of cancellation


   Skills:
 - Level 14.4 Fighting
 - Level 5.0 Dodging
 - Level 5.0 Stealth
 - Level 4.0 Shields
 - Level 9.0 Spellcasting
 - Level 3.0 Conjurations
 + Level 2.1 Hexes
 + Level 4.5 Summonings
 - Level 1.0 Translocations
 - Level 5.0 Transmutations
 - Level 5.0 Fire Magic
 - Level 3.0 Air Magic
 - Level 9.0 Poison Magic
 - Level 4.0 Evocations


You had 8 spell levels left.
You knew the following spells:

 Your Spells              Type           Power        Failure   Level
a - Sting                 Tmut/Pois      100%         1%          1
b - Mephitic Cloud        Conj/Pois/Air  30%          1%          3
c - Ignite Poison         Fire/Tmut/Pois 36%          1%          3
d - Olgreb's Toxic Radia  Pois           47%          1%          4
e - Apportation           Tloc           26%          1%          1
f - Lightning Bolt        Conj/Air       11%          22%         5
g - Summon Mana Viper     Hex/Summ       23%          21%         5

Your spell library contained the following spells:

 Spells                   Type           Power        Failure   Level
 Corona                   Hex            20%          1%          1
 Shock                    Conj/Air       88%          1%          1
 Summon Small Mammal      Summ           100%         1%          1
 Poisonous Vapours        Pois/Air       68%          1%          2
 Swiftness                Air            22%          1%          2
 Animate Skeleton         Necr           18%          2%          1
 Pain                     Necr           36%          2%          1
 Static Discharge         Conj/Air       22%          2%          3
 Confusing Touch          Hex            18%          3%          3
 Gell's Gravitas          Tloc           6%           6%          3
 Vampiric Draining        Necr           4%           9%          3
 Airstrike                Air            11%          9%          4
 Petrify                  Tmut/Erth      20%          11%         4
 Summon Demon             Summ           14%          12%         5
 Yara's Violent Unravell  Hex/Tmut       12%          17%         5
 Animate Dead             Necr           4%           26%         4
 Summon Forest            Summ/Tloc      10%          26%         5
 Metabolic Englaciation   Hex/Ice        7%           43%         5
 Shadow Creatures         Summ           N/A          52%         6
 Agony                    Necr           9%           58%         5
 Summon Hydra             Summ           14%          97%         7
 Ignition                 Fire           15%          100%        8
 Shatter                  Erth           4%           100%        9
 Tornado                  Air            11%          100%        9


Dungeon Overview and Level Annotations

Branches:
Dungeon (10/15)            Temple (0/1) D:6            Lair (1/6) D:8
    Orc (2/2) D:10            Elf (0/3) Orc:2         Sewer (visited)
Gauntlet (1/1)

Altars:
Ashenzari
Cheibriados
Elyvilon
Gozag
Hepliaklqana
Qazlal
Sif Muna
Trog
Xom
Zin
Beogh

Shops:
D:6 (   Orc:1 ?   Orc:2 !:([

Annotations:
D:10 Urug
Orc:2 2 transporters, shummie's ghost, journeyman DDFi Gauntlet 7 transporters, exclusions: lightning spire and obsidian statue


Innate Abilities, Weirdness & Mutations

You cannot wear most types of armour.
You are very stealthy in the water. (Stealth+)
You are amphibious.
You can wear up to eight rings at the same time.
You can use your tentacles to constrict eight enemies at once.
Your skin changes colour to match your surroundings (Stealth+).
Your rubbery body absorbs attacks. (AC +1, EV +1)
You are partially covered in rugged brown scales. (AC +1, +3% HP)
You are partially covered in thin metallic scales. (AC +2)
Your flesh is heat resistant. (rF+)
You are weak. (Str -2)


Message History

* * * LOW HITPOINT WARNING * * *
You hit the elephant. You burn the elephant.
The elephant is moderately wounded.
The elephant completely misses you. The elephant closely misses you.
You sock the elephant! You burn the elephant.
The elephant is heavily wounded.
The elephant misses you. The elephant trunk-slaps you.
* * * LOW HITPOINT WARNING * * *
The elephant tramples you!
* * * LOW HITPOINT WARNING * * *
You stumble backwards!
You hit the elephant. You burn the elephant.
The elephant is heavily wounded.
The elephant tramples you but does no damage.
You block the elephant's attack.
You thump the elephant! You burn the elephant.
The elephant is severely wounded.
The elephant tramples you!
You die...
Your body crumbles into a pile of gold.

#..#..!.©)=..#...#..[)©[..
###..#.#....Y#.#...#.#..8###
#8#..#..#####..#...#.#.#...#
###..#..##.##.Y#...#h..###..
#..#....©....#...#.#..©###
###..#..##.##..#...#.###...
#8#..#..#####..#...#...### .
###..#.#.....#.#...#.#...###
#..#....Y@...#...#.h......
#..###########...#########
8#.....#.©.#....≈....#.©.#.
###...8.#...#...≈8§...#...#.
#.....#.©.#....§....#.©.#.
###..###########...#########
8#..#[.#.©[...#...#[)#.©.#!
#..#...#.....#...##P.#8#.P
#..#...#....##...#.#P.#.P#


You could see 2 elephants.

Vanquished Creatures
  Saint Roka (Orc:2)
  An orc warlord (Orc:1)
  An ettin (Orc:1)
  3 two-headed ogres
  An orc high priest (Orc:2)
  A nameless horror (Orc:2)
  10 orc knights
  4 orc sorcerers (Orc:2)
  Maurice (D:9)
  A smoke demon (Gauntlet)
  Maggie (D:6)
  An efreet (Gauntlet)
  A komodo dragon (Lair:1)
  8 trolls
  A hornet (D:9)
  A vampire (D:10)
  A wyvern (D:5)
  A wraith (D:10)
  A fire elemental (Gauntlet)
  5 wargs
  A water moccasin (Sewer)
  3 hell hounds (Gauntlet)
  7 ice beasts
  3 sky beasts
  2 black bears
  50 orc warriors
  9 wolves
  6 ogres
  4 centaurs
  A big kobold (D:7)
  5 bullfrogs
  3 scorpions
  4 wights (D:6)
  A howler monkey (D:5)
  2 electric eels (D:8)
  2 crimson imps (Gauntlet)
  A bullfrog zombie (D:7)
  4 centaur zombies
  A quasit (D:8)
  24 orc priests
  5 hounds
  5 jellies
  Crazy Yiuf (D:6)
  3 iguanas
  33 orc wizards
  5 worker ants
  A howler monkey zombie (D:10)
  3 worker ant zombies
  10 adders
  A shadow imp (D:7)
  5 white imps
  An adder zombie (D:8)
  3 worms
  3 dart slugs
  2 leopard geckos
  116 orcs
  2 ball pythons (D:5)
  6 giant cockroaches
  6 goblins
  7 hobgoblins
  4 jackals
  4 quokkas
  7 bats
  5 frilled lizards
  13 kobolds
  3 rats
432 creatures vanquished.

Vanquished Creatures (collateral kills)
  An orc warlord (Orc:2)
  A red devil (Gauntlet)
  A crimson imp (Gauntlet)
3 creatures vanquished.

Vanquished Creatures (others)
  An orc (Orc:2)
  4 plants
5 creatures vanquished.

Grand Total: 440 creatures vanquished

Notes
Turn   | Place    | Note
-------+----------+-------------------------------------------
     0 | D:1      | thiole the Octopode Venom Mage began the quest for the Orb.
     0 | D:1      | Reached XP level 1. HP: 11/11 MP: 3/3
   222 | D:1      | Reached XP level 2. HP: 17/17 MP: 0/5
   745 | D:1      | Reached skill level 1 in Fire Magic
  1243 | D:2      | Found a glowing silver altar of Zin.
  1467 | D:2      | Reached XP level 3. HP: 21/21 MP: 3/6
  2049 | D:2      | Reached XP level 4. HP: 11/27 MP: 1/8
  2585 | D:3      | Learned a level 3 spell: Mephitic Cloud
  2589 | D:3      | Learned a level 3 spell: Ignite Poison
  3304 | D:3      | Reached XP level 5. HP: 31/31 MP: 5/10
  3394 | D:3      | Noticed an ice beast
  3541 | D:3      | Found a broken altar of Ashenzari.
  3543 | D:3      | Found a stormy altar of Qazlal.
  3701 | D:3      | Found an opulent altar of Gozag.
  3748 | D:3      | Became a worshipper of Gozag Ym Sagoz the Greedy
  3993 | D:3      | Learned a level 4 spell: Olgreb's Toxic Radiance
  4073 | D:3      | Killed an ice beast
  4074 | D:3      | Reached skill level 2 in Fighting
  4074 | D:3      | Reached skill level 1 in Air Magic
  4074 | D:3      | Reached XP level 6. HP: 10/39 MP: 6/12
  4924 | D:4      | Found a shimmering altar of Xom.
  5120 | D:5      | Entered Level 5 of the Dungeon
  5155 | D:5      | Noticed an ice beast
  5177 | D:5      | Reached skill level 1 in Conjurations
  5177 | D:5      | Reached XP level 7. HP: 45/45 MP: 1/13
  5306 | D:5      | Found a glowing drain.
  5324 | Sewer    | Entered a sewer
  5611 | D:5      | Reached skill level 5 in Stealth
  5795 | D:5      | Found a hazy altar of Hepliaklqana.
  5973 | D:5      | Reached skill level 5 in Poison Magic
  5985 | D:5      | Reached XP level 8. HP: 19/50 MP: 2/14
  6359 | D:5      | Noticed a wyvern
  6530 | D:5      | Learned a level 1 spell: Apportation
  6634 | D:5      | Killed a wyvern
  7106 | D:6      | Noticed Maggie
  7110 | D:6      | Killed Maggie
  7111 | D:6      | Reached skill level 5 in Spellcasting
  7493 | D:6      | Reached skill level 3 in Fighting
  7493 | D:6      | Reached XP level 9. HP: 56/56 MP: 6/18
  7669 | D:6      | Reached skill level 4 in Fighting
  7955 | D:6      | Found Gage's Weapon Emporium.
  8387 | D:6      | Found a staircase to the Ecumenical Temple.
  8490 | D:6      | Found a runed translucent door.
  8491 | D:6      | Noticed Crazy Yiuf
  8594 | D:6      | Killed Crazy Yiuf
  8741 | D:7      | Found a shimmering blue altar of Sif Muna.
  8978 | D:7      | Noticed a troll
  9050 | D:7      | Killed a troll
  9421 | D:7      | Reached skill level 5 in Dodging
  9531 | D:7      | Reached skill level 1 in Translocations
  9812 | D:8      | Reached XP level 10. HP: 63/63 MP: 4/19
 10061 | D:8      | Found a staircase to the Lair.
 10208 | D:8      | Reached skill level 5 in Fire Magic
 10220 | D:8      | Reached skill level 1 in Evocations
 10870 | D:8      | Noticed a two-headed ogre
 10875 | D:8      | Killed a two-headed ogre
 10876 | D:8      | Reached skill level 5 in Transmutations
 11067 | D:8      | Found a snail-covered altar of Cheibriados.
 11202 | D:8      | Found a white marble altar of Elyvilon.
 11254 | D:8      | Got an ichor-stained mace
 11370 | D:8      | Reached skill level 5 in Fighting
 11534 | D:9      | Found a bloodstained altar of Trog.
 11604 | D:9      | Reached skill level 1 in Shields
 12475 | D:9      | Noticed Maurice
 12491 | D:9      | Killed Maurice
 12492 | D:9      | Reached skill level 6 in Fighting
 13017 | D:10     | Entered Level 10 of the Dungeon
 13023 | D:10     | Reached XP level 11. HP: 74/74 MP: 11/20
 13304 | D:10     | Reached skill level 7 in Fighting
 13460 | D:10     | Noticed Urug
 14087 | D:10     | Noticed a two-headed ogre
 14091 | D:10     | Killed a two-headed ogre
 15068 | D:10     | Found a staircase to the Orcish Mines.
 15084 | Orc:1    | Entered Level 1 of the Orcish Mines
 15089 | Orc:1    | Noticed an ettin
 15402 | Orc:1    | Noticed an orc knight
 15404 | Orc:1    | Noticed an orc knight
 15405 | Orc:1    | Noticed an orc knight
 15424 | Orc:1    | Killed an orc knight
 15424 | Orc:1    | Killed an orc knight
 15425 | Orc:1    | Killed an orc knight
 15426 | Orc:1    | Reached skill level 8 in Fighting
 15550 | Orc:1    | Noticed an orc knight
 15557 | Orc:1    | Noticed an orc warlord
 15558 | Orc:1    | Noticed an orc knight
 15563 | Orc:1    | Killed an orc knight
 15647 | Orc:1    | Reached skill level 9 in Fighting
 15788 | Orc:1    | Killed an ettin
 15789 | Orc:1    | Reached XP level 12. HP: 86/86 MP: 15/25
 15957 | Orc:1    | Identified the +7 mace "Hell-Harrower" {flame, rF+ Dex+2
                  | Stlth+} (You found it on level 8 of the Dungeon)
 15959 | Orc:2    | Entered Level 2 of the Orcish Mines
 15961 | Orc:2    | Noticed an orc high priest
 15964 | Orc:2    | Killed an orc high priest
 15965 | Orc:2    | Reached skill level 10 in Fighting
 16248 | Orc:2    | Reached skill level 11 in Fighting
 16257 | Orc:2    | Noticed a two-headed ogre
 16260 | Orc:2    | Killed a two-headed ogre
 16804 | Orc:2    | Found a staircase to the Elven Halls.
 16822 | Orc:2    | Noticed Saint Roka
 16834 | Orc:2    | Reached skill level 12 in Fighting
 16836 | Orc:2    | Found a transporter.
 16836 | Orc:2    | Noticed shummie's ghost (journeyman DDFi)
 16836 | Orc:2    | Noticed a two-headed ogre
 17401 | Orc:2    | Found a roughly hewn altar of Beogh.
 17568 | Orc:2    | Found a roughly hewn altar of Beogh.
 17596 | Orc:2    | Killed Saint Roka
 17597 | Orc:2    | Reached skill level 13 in Fighting
 17730 | Orc:2    | Found a roughly hewn altar of Beogh.
 17862 | Orc:2    | Reached XP level 13. HP: 99/99 MP: 8/26
 17995 | Orc:2    | Found Xogoa's Antique Armour Shop.
 17996 | Orc:2    | Found a roughly hewn altar of Beogh.
 17998 | Orc:2    | Found Sohoc's Antique Weapon Boutique.
 18077 | Orc:2    | Found a transporter.
 18213 | Orc:2    | Found a roughly hewn altar of Beogh.
 18462 | Orc:2    | Found a roughly hewn altar of Beogh.
 18590 | Orc:2    | Found Iniwoeme's Distillery.
 18715 | Orc:2    | Found Teki's Book Shop.
 18756 | Orc:1    | Noticed an orc warlord
 18762 | Orc:1    | Reached skill level 14 in Fighting
 18895 | Orc:2    | Bought a potion of brilliance for 64 gold pieces
 18895 | Orc:2    | Bought a potion of haste for 160 gold pieces
 18895 | Orc:2    | Bought a potion of heal wounds for 80 gold pieces
 18895 | Orc:2    | Bought a potion of haste for 160 gold pieces
 19002 | Orc:1    | Killed an orc warlord
 19159 | Orc:1    | Found Segies's Magic Scroll Shoppe.
 19262 | Orc:2    | Gained mutation: You are weak. (Str -2) [potion of
                  | mutation]
 19262 | Orc:2    | Gained mutation: Your flesh is heat resistant. (rF+)
                  | [potion of mutation]
 19262 | Orc:2    | Gained mutation: You are partially covered in thin metallic
                  | scales. (AC +2) [potion of mutation]
 19262 | Orc:2    | Gained mutation: You are partially covered in rugged brown
                  | scales. (AC +1, +3% HP) [potion of mutation]
 19560 | Orc:2    | Bought a book of Summonings for 1260 gold pieces
 19560 | Orc:2    | Bought a book of the Tempests for 1260 gold pieces
 19566 | Orc:2    | Learned a level 5 spell: Lightning Bolt
 19572 | Orc:2    | Learned a level 5 spell: Summon Mana Viper
 19924 | Orc:1    | Reached skill level 1 in Summonings
 20310 | Orc:1    | Bought a scroll of fear for 49 gold pieces
 20310 | Orc:1    | Bought a scroll of fear for 49 gold pieces
 20310 | Orc:1    | Bought a scroll of teleportation for 42 gold pieces
 20357 | Orc:2    | Killed an orc warlord
 20623 | Orc:1    | Bought a scroll of identify for 28 gold pieces
 20623 | Orc:1    | Bought a scroll of identify for 28 gold pieces
 20623 | Orc:1    | Bought a scroll of magic mapping for 49 gold pieces
 20746 | Lair:1   | Entered Level 1 of the Lair of Beasts
 20808 | Lair:1   | Reached skill level 1 in Hexes
 20825 | Lair:1   | Found a gate leading to a gauntlet.
 20830 | Gauntlet | Entered a Gauntlet
 20830 | Gauntlet | Found a transporter.
 20830 | Gauntlet | Found a transporter.
 20874 | Gauntlet | Found a transporter.
 20875 | Gauntlet | Found a transporter.
 20888 | Gauntlet | Found a transporter.
 20888 | Gauntlet | Found a transporter.
 20900 | Gauntlet | Found a transporter.
 20900 | Gauntlet | Noticed a dire elephant
 20902 | Gauntlet | Found a transporter.
 20902 | Gauntlet | Found a transporter.
 21036 | Gauntlet | Found a transporter.
 21048 | Gauntlet | Found a transporter.
 21090 | Gauntlet | Found a transporter.
 21471 | Gauntlet | HP: 3/105 [elephant (11)]
 21473 | Gauntlet | Slain by an elephant

Illustrated notes

Levels and vault maps discovered:
D:1:      dpeg_arrival_three_same_balls, layout_loops_ring
D:2:      layout_loops_corners, overflow_temple_1_default
D:3:      layout_basic, gammafunk_temple_overflow_forgotten
D:4:      layout_basic, kennysheep_little_box
D:5:      minmay_clustersquares, layout_loops_ring, nzn_hepliaklqana_mist_gate,
          cheibrodos_sewer_entry_drain
D:6:      minmay_opposing_rooms, layout_basic, temple_green, serial_shops, shop,
          uniq_maggie, uniq_crazy_yiuf_cottage
D:7:      layout_rooms, old_standard_altar
D:8:      layout_basic, old_standard_altar, lemuel_doored_altar,
          erik_lair_island
D:9:      layout_loops_cross, overflow_temple_1_default, minmay_misc_feat_tiny,
          uniq_maurice
D:10:     layout_irregular_city, david_orc_4, uniq_urug
Lair:1:   layout_chaotic_city, gauntlet_entry_generic, grunt_megastairs_1
Orc:1:    layout_caves, special_room [special_room_orc], serial_shops,
          nicolae_shop_behind_doors
Orc:2:    grunt_orc_community_town_hall, layout_caves,
          grunt_orc_community_big_house_1, grunt_orc_community_big_house_2,
          grunt_orc_community_house_1, grunt_orc_community_house_2,
          grunt_orc_community_house_2, grunt_orc_community_house_2,
          gammafunk_ghost_arena, nicolae_orc_crystal_geode
Gauntlet: gammafunk_gauntlet_hard_choice [gammafunk_gauntlet_arena_mazey,
          gammafunk_gauntlet_arena_teeth, gammafunk_gauntlet_arena_arrow_garden,
          nicolae_gauntlet_swirl, nicolae_gauntlet_arena_grate_2,
          nicolae_gauntlet_arena_blocks, gauntlet_exit_green]

Skill      XL: |  1  2  3  4  5  6  7  8  9 10 11 12 13 |
---------------+----------------------------------------+-----
Poison Magic   | 4 5 6 9 |  9.0
Fire Magic     | 1 2 3 5 |  5.0
Spellcasting   | 3 4 6 9 |  9.0
Fighting       | 2 3 4 6 9 13 14 | 14.4
Air Magic      | 1 3 |  3.0
Transmutations | 2 4 5 |  5.0
Conjurations   | 1 3 |  3.0
Stealth        | 5 |  5.0
Dodging        | 4 5 |  5.0
Translocations | 1 |  1.0
Evocations     | 4 |  4.0
Shields        | 4 |  4.0
Summonings     | 4 |  4.5
Hexes          | 2 |  2.1

Action                   |  1- 3 |  4- 6 |  7- 9 | 10-12 | 13-15 || total
-------------------------+-------+-------+-------+-------+-------++-------
Melee: Unarmed           |    20 |    13 |    38 |       |       ||    71
       Constrict         |     8 |     2 |    19 |     9 |    11 ||    49
       Tentacles         |     3 |     3 |    13 |    18 |    19 ||    56
       Staff             |       |       |    34 |    73 |       ||   107
       Mace              |       |       |       |    18 |    78 ||    96
 Cast: Sting             |    43 |    85 |    64 |    80 |     4 ||   276
       Ignite Poison     |       |     3 |    33 |    86 |    22 ||   144
       Mephitic Cloud    |       |     2 |     9 |    11 |     4 ||    26
       Olgreb's Toxic Ra |       |     1 |    45 |   132 |    37 ||   215
       Apportation       |       |       |     2 |       |       ||     2
       Summon Mana Viper |       |       |       |       |     3 ||     3
       Lightning Bolt    |       |       |       |       |     2 ||     2
Invok: Potion Petition   |       |       |       |       |     2 ||     2
Evoke: Wand              |       |       |       |    11 |    14 ||    25
  Use: Scroll            |       |     8 |     5 |     4 |    14 ||    31
       Potion            |       |     3 |     3 |     7 |    10 ||    23
 Stab: Sleeping          |     1 |       |     2 |     2 |     1 ||     6
Armor: Skin              |     3 |     2 |     3 |    24 |    26 ||    58
Dodge: Dodged            |    21 |    38 |    68 |   133 |   112 ||   372
Block: Buckler           |       |       |       |    35 |    29 ||    64
